[Event "Late-Titled-Tuesday-Blitz-February-20-2024"]
[Site "Chess.com"]
[Date "2024.02.20"]
[Round "10"]
[White "Mesa_1"]
[Black "s-dshubin"]
[Result "0-1"]
[WhiteElo "2516"]
[BlackElo "2369"]
[TimeControl "180+1"]
[EndTime "15:55:52 PST"]
[Termination "s-dshubin won by resignation"]

1. e4 e6 2. d4 d5 3. Nd2 Be7 4. Ngf3 c5 5. dxc5 Nf6 6. exd5 Nxd5 7. Nb3 Bxc5 8. Nxc5 Qa5+ 9. Bd2 Qxc5 10. c4 Nf6 11. Qa4+ Bd7 12. Qb4 Qxb4 13. Bxb4 Nc6 14. Bc3 O-O-O 15. O-O-O Ne4 16. Be1 e5 17. Bd3 Nc5 18. Bc2 Bg4 19. Rxd8+ Rxd8 20. Ng5 f6 21. h3 Be2 22.
Nxh7 Nd4 23. Bb4 Nd3+ 24. Bxd3 Bxd3 25. Nf8 Bxc4 26. b3 Bf7 27. h4 a5 28. Ba3 Nb5 29.
Be7 Re8 30. Bc5 b6 31. Bxb6 Rxf8 32. Bxa5 Kb7 33. h5 Rh8 34. g4 Nd4 35. Kb2 Ne2 36.
Bd2 Be6 37. f3 Nd4 38. Rh3 Bd5 39. f4 e4 40. g5 Nf3 41. Be3 Be6 42. Rh1 Bg4 43.
h6 gxh6 44. gxf6 h5 45. Bc5 Be6 46. f5 Bf7 47. Rd1 Kc6 48. Ba3 h4 49. Rd6+ Kc7 50. Ra6 Rb8 51. Ra7+ Rb7 52. Bd6+ Kc6 53. Ra6+ Rb6 54.
Ra7 Rb7 55. Ra6+ Kd7 56. Bf4 h3 57. Rd6+ Ke8 58. Rd1 Rd7 59. Rc1 h2 60. Rh1 Rd5 61. Bxh2 Rd2+ 62. Kc3 Rxh2 63. Rd1 e3 64. a4 e2 65. Re1 Nxe1 0-1

[Event "Late-Titled-Tuesday-Blitz-February-20-2024"]
[Site "Chess.com"]
[Date "2024.02.20"]
[Round "10"]
[White "Fonsofan"]
[Black "ATM622"]
[Result "1-0"]
[WhiteElo "2696"]
[BlackElo "2508"]
[TimeControl "180+1"]
[EndTime "15:55:54 PST"]
[Termination "Fonsofan won on time"]

1. e4 c6 2. Nf3 d5 3. d3 dxe4 4. dxe4 Qxd1+ 5. Kxd1 Nf6 6. Nbd2 Nbd7 7. Ne1 Ng4 8. Nd3 e5 9. Be2 Nc5 10. Nxc5 Nxf2+ 11. Ke1 Bxc5 12. Rf1 Ng4 13. Bxg4 Bxg4 14. Nc4 O-O-O 15.
Be3 Bxe3 16. Nxe3 Be6 17. Ke2 Rd4 18. Kf3 Rhd8 19. Rf2 h5 20. b3 g5 21. h3 Rf8 22. Re1 f5 23. exf5 Bxf5 24. Ke2 Rf4 25. Ref1 Be4 26. g3 Rxf2+ 27. Rxf2 Rxf2+ 28. Kxf2 b5 29. b4 Kd7 30. h4 g4 31. Ke2 Ke6 32. a3 a6 33. Kd2 Bg6 34. c3 Kd6 35.
Kc1 c5 36. Kd2 c4 37. Nd1 Kd5 38. Nf2 Bf5 39. Ke3 Bg6 40. Ke2 Be8 41. Kd2 Bc6 42.
Ke3 Ke6 43. Ke2 Kf5 44. Kd2 Bg2 45. Ke3 Bf3 46. Kd2 e4 47. Ke3 Ke5 48. Kd2 Bg2 49.
Nd1 Bf1 50. Ne3 Bd3 51. Ng2 Kf5 52. Nf4 Bf1 53. Ke3 Bd3 54. Nxh5 Kg6 55. Nf4+ Kf5 56.
Nd5 Ke5 57. Nc7 Bc2 58. Nxa6 Kd6 59. h5 Ke6 60. Nc7+ Kf6 61. Nxb5 Kg5 62. Nd6 Kxh5 63.
b5 Kg6 64. b6 1-0

[Event "Late-Titled-Tuesday-Blitz-February-20-2024"]
[Site "Chess.com"]
[Date "2024.02.20"]
[Round "10"]
[White "RantomOpening"]
[Black "emeli_chess"]
[Result "1-0"]
[WhiteElo "2584"]
[BlackElo "2424"]
[TimeControl "180+1"]
[EndTime "15:55:54 PST"]
[Termination "RantomOpening won by resignation"]

1. c4 e6 2. Nf3 d5 3. e3 c5 4.
cxd5 exd5 5. Nc3 Nf6 6. Bb5+ Bd7 7. Bxd7+ Nbxd7 8. d3 Bd6 9. e4 d4 10. Ne2 O-O 11. Ng3 Re8 12. a4 c4 13. O-O Nc5 14. dxc4 d3 15. b4 Ncxe4 16. Nxe4 Nxe4 17. c5 Bc7 18. Be3 Qd5 19. Bd4 Ng5 20. Be3 Rxe3 21.
fxe3 Ne4 22. Ra3 Rd8 23. Qb3 a5 24. Qxd5 Rxd5 25. Rd1 d2 26. b5 Rxc5 27. Rd3 Rc1 28. Rxd2 Rxd1+ 29. Rxd1 Kf8 30. Nd4 Nc5 31. Rc1 b6 32.
Nb3 Bd6 33. Nxc5 Bxc5 34. Kf2 Ke7 35. Ke2 Kd6 36. Kd3 Kd5 37. e4+ Ke5 38. Rxc5+ bxc5 39. Kc4 Kd6 40. b6 Kc6 41. b7 Kxb7 42. Kxc5 Ka6 43.
Kc6 f6 44. g4 g5 45. h3 h6 46. Kc5 Ka7 47. Kb5 Kb7 48. Kxa5 Kc6 49. Kb4 Kb6 50. a5+ Ka6 51. Ka4 Ka7 52. Kb5 Kb7 53. a6+ Ka7 54.
Ka5 Ka8 55. Kb6 Kb8 56. a7+ Ka8 57. Ka6 f5 58. gxf5 h5 59. f6 1-0

[Event "Late-Titled-Tuesday-Blitz-February-20-2024"]
[Site "Chess.com"]
[Date "2024.02.20"]
[Round "10"]
[White "WPWPWP-2015"]
[Black "DraningWaterHi"]
[Result "1-0"]
[WhiteElo "2430"]
[BlackElo "2258"]
[TimeControl "180+1"]
[EndTime "15:55:55 PST"]
[Termination "WPWPWP-2015 won by checkmate"]

1. d4 Nf6 2. g3 g6 3. Bg2 Bg7 4. Nf3 O-O 5. O-O d6 6. c4 Nc6 7.
Nc3 a6 8. Re1 Rb8 9. e4 Nd7 10.
Bg5 h6 11. Bf4 e5 12. Be3 Re8 13. d5 Ne7 14. Rc1 Rf8 15. b4 f5 16. c5 f4 17. Bd2 b6 18. c6 Nf6 19. gxf4 exf4 20.
Bxf4 Nh5 21. Bg3 Nxg3 22. fxg3 Bg4 23. Rf1 g5 24. Qd3 Bxf3 25. Rxf3 Rxf3 26. Bxf3 b5 27. Bh5 Kh8 28. Rf1 Ng8 29. e5 Bxe5 30. Rf7 Bg7 31. Qg6 Qf6 32. Rxf6 Nxf6 33. Ne4 Nxd5 34. Nxg5 hxg5 35. Bg4 Nf6 36. Be6 Re8 37. Qf5 g4 38. h3 gxh3 39. g4 Nh7 40. Qf7 Rf8 41. Qh5 Bd4+ 42.
Kh2 Kg7 43. Bf5 Be5+ 44. Kxh3 Rh8 45. Kg2 Nf6 46. Qg6+ Kf8 47. Be6 Rh7 48. g5 Rg7 49. Qf5 Ke7 50. Kf1 Nh7 51. g6 Nf6 52. Bf7 Kd8 53. Qe6 Bd4 54. Ke2 Be5 55. Kd3 Ba1 56. Kc2 Be5 57. Kb3 Bd4 58. a3 Be5 59. Ka2 Bd4 60. Kb1 Be5 61. Kc1 Bd4 62. Kc2 Be5 63. Kb3 Bd4 64. a4 Be5 65. axb5 axb5 66. Qf5 Bd4 67. Kc2 Be5 68. Kd3 Ke7 69. Qe6+ Kd8 70. Ke3 Ba1 71. Kf4 Be5+ 72. Kg5 Ba1 73. Kh6 Be5 74.
Kxg7 Ne8+ 75. Kh6 Ng7 76. Qd7# 1-0

[Event "Late-Titled-Tuesday-Blitz-February-20-2024"]
[Site "Chess.com"]
[Date "2024.02.20"]
[Round "10"]
[White "GiorgianBarbosa"]
[Black "Zavgorodniy_Sergiy"]
[Result "1-0"]
[WhiteElo "2523"]
[BlackElo "2626"]
[TimeControl "180+1"]
[EndTime "15:56:02 PST"]
[Termination "GiorgianBarbosa won by resignation"]

1. b3 d5 2. Bb2 c5 3. g3 Nc6 4. Bg2 Nf6 5. Bxf6 exf6 6. e3 g6 7.
Ne2 Bg7 8. O-O Be6 9. c3 O-O 10.
d4 b6 11. Nf4 Rc8 12. dxc5 bxc5 13. Bxd5 Bxd5 14. Qxd5 Qb6 15. Qd1 f5 16. Nd5 Qa6 17. Qf3 Ne5 18. Qg2 Qe6 19. Nd2 Rfd8 20. c4 Nd3 21. Rad1 Nb2 22. Rb1 Nd3 23. Nf3 Rd7 24.
Rfd1 Nb4 25. Nxb4 cxb4 26. Rxd7 Qxd7 27. Nd4 Qc7 28. Qf3 Qa5 29. Rb2 a6 30. Rd2 Qa3 31. Kg2 Qc1 32. Qd1 Qc3 33. h4 Bxd4 34.
Rxd4 a5 35. Rd8+ Rxd8 36. Qxd8+ Kg7 37. Qxa5 Qd2 38. a3 Qc2 39. axb4 Qe4+ 40. Kg1 Qb1+ 41. Kh2 Qc2 42. Qe5+ Kh6 43. Kg2 Qxb3 44. Qf4+ Kg7 45.
Qd4+ f6 46. b5 h5 47. b6 Kh6 48. Qxf6 Kh7 49. Qd4 Qa4 50. c5 Qc6+ 51. Kg1 Qb5 52. Qd5 Kh6 53. b7 Qb1+ 54. Kg2 Qb5 55. Qf3 Kh7 56.
c6 Qb6 57. Kh2 Kh6 58. Qf4+ Kh7 59. b8=Q Qxc6 60. Qbc7+ Qxc7 61. Qxc7+ Kh6 62. Qf4+ g5 63. hxg5+ Kg6 64. Kh3 h4 65. Kxh4 Kg7 66. Qd6 f4 67. gxf4 1-0

[Event "Late-Titled-Tuesday-Blitz-February-20-2024"]
[Site "Chess.com"]
[Date "2024.02.20"]
[Round "10"]
[White "dretch"]
[Black "Alphafischer2019"]
[Result "1-0"]
[WhiteElo "2873"]
[BlackElo "2677"]
[TimeControl "180+1"]
[EndTime "15:56:12 PST"]
[Termination "dretch won by checkmate"]

1. d4 Nf6 2. c4 b6 3. Bg5 Bb7 4. Nc3 h6 5. Bxf6 exf6 6. e3 g6 7. Nf3 f5 8. Bd3 Bg7 9. h4 h5 10. Qc2 O-O 11. Ng5 d6 12. Bxf5 Re8 13. Nxf7 Kxf7 14. Bxg6+ Kg8 15. Bxe8 Qxe8 16. O-O-O Nd7 17. Rhe1 Bxg2 18. Rg1 Bf3 19. Rde1 Qf7 20. Rg3 Kh8 21. Reg1 Rg8 22. Ne2 Bg4 23. f3 Bf5 24. e4 Bh6+ 25. Kb1 Rxg3 26. Nxg3 Bh7 27. Qd3 Nf8 28. a3 Ne6 29. Nf5 Bf8 30. c5 bxc5 31. dxc5 Bxf5 32. exf5 Nxc5 33. Qc2 Bg7 34. Rg5 Nd7 35. Qe2 Nf6 36.
Qe6 Qxe6 37. fxe6 Kg8 38. Ra5 Kf8 39. Rxa7 Nd5 40. Ra5 Nf6 41. Rg5 Bh6 42. Rg6 Bg7 43.
a4 Ne8 44. a5 Ke7 45. a6 Bd4 46. Rh6 Nf6 47. Rh8 Kxe6 48. Rb8 Nd5 49. Rb7 Kf5 50. a7 Bxa7 51. Rxa7 Kf4 52. Ra5 Ne3 53. Rxh5 Kxf3 54.
Rh7 c5 55. Rg7 d5 56. h5 d4 57. h6 d3 58. Rd7 Ke2 59. h7 d2 60. h8=Q d1=Q+ 61. Rxd1 Kxd1 62. Qc3 Nd5 63. Qxc5 Nf4 64. Qd4+ Ke1 65.
Qxf4 Kd1 66. Qh2 Ke1 67. Kc2 Kf1 68. Kd3 Ke1 69. Qe2# 1-0

[Event "Late-Titled-Tuesday-Blitz-February-20-2024"]
[Site "Chess.com"]
[Date "2024.02.20"]
[Round "10"]
[White "Josetricks"]
[Black "Nouali_Mohamed"]
[Result "1-0"]
[WhiteElo "2427"]
[BlackElo "2547"]
[TimeControl "180+1"]
[EndTime "15:56:12 PST"]
[Termination "Josetricks won by resignation"]

1. e4 c5 2. c3 Nf6 3. e5 Nd5 4. d4 cxd4 5. Nf3 Nc6 6. Bc4 Nb6 7. Bb3 d5 8. exd6 Qxd6 9. O-O d3 10. Na3 a6 11.
Be3 Nd5 12. Nc4 Qc7 13. Qxd3 Nxe3 14. Qxe3 e6 15. Nce5 Nxe5 16. Nxe5 Bd6 17. Rfe1 Bxe5 18.
Qxe5 Qxe5 19. Rxe5 Ke7 20. Rd1 Bd7 21. Re2 Bc6 22.
f3 h5 23. h4 a5 24. a3 b5 25. Red2 Rab8 26. Rd4 Rhc8 27. Kf2 e5 28. R4d3 b4 29. axb4 axb4 30. Ra1 Rc7 31. Ra5 f6 32. Rc5 Rcc8 33.
cxb4 Bd7 34. Rxc8 Bxc8 35. Rc3 Bd7 36. Rc7 Kd6 37. Rc3 Be6 38. Ke3 Rxb4 39. Bxe6 Kxe6 40. b3 Kf5 41. Kd3 Rb7 42. g3 Rd7+ 43. Ke3 g6 44. b4 Rb7 45. Rb3 Rb5 46. Kd3 g5 47. Kc4 Rb8 48. b5 gxh4 49. gxh4 Kf4 50. b6 f5 51. b7 Kg3 52. Kd5 Kxh4 53. Kxe5 Kg3 54. Kxf5 h4 55. f4+ Kh2 56. Kg4 Rg8+ 57. Kxh4 Rh8+ 58. Kg5 Rg8+ 59. Kf6 Rb8 60. Ke7 Kg2 61. f5 Kf2 62. f6 Ke2 63. f7 Kd2 64. f8=Q 1-0

[Event "Late-Titled-Tuesday-Blitz-February-20-2024"]
[Site "Chess.com"]
[Date "2024.02.20"]
[Round "10"]
[White "laskakid"]
[Black "dosto07"]
[Result "1-0"]
[WhiteElo "2359"]
[BlackElo "2476"]
[TimeControl "180+1"]
[EndTime "15:56:16 PST"]
[Termination "laskakid won on time"]

1. d4 d5 2. c4 dxc4 3. Nf3 Nf6 4. e3 e6 5. Bxc4 a6 6. O-O c5 7. e4 Nxe4 8. Qe2 Nd6 9. dxc5 Nxc4 10. Qxc4 Be7 11.
Nc3 O-O 12. Bf4 Nc6 13. b4 b5 14. Qb3 Nd4 15. Nxd4 Qxd4 16. Be3 Qg4 17. f3 Qg6 18.
Rfd1 Bb7 19. Kf2 Bh4+ 20. Kf1 Rfd8 21. Rxd8+ Rxd8 22. Rd1 Rd3 23. Bf2 Bf6 24. Qc2 Rxd1+ 25. Qxd1 h6 26. Qd2 Bxc3 27. Qxc3 Qb1+ 28. Be1 Bd5 29.
a3 Bc4+ 30. Kf2 Qa2+ 31. Kg3 Qb1 32. c6 Qg6+ 33. Kf2 Qf5 34. c7 e5 35. Qd2 Be6 36.
g4 Qb1 37. Qd8+ Kh7 38. c8=Q Bxc8 39. Qxc8 Qa2+ 40. Kg3 Qxa3 41. Bc3 Qc1 42. Qc7 Qf4+ 43. Kg2 f6 44. Qc5 h5 45. h3 h4 46. Qf2 e4 47.
fxe4 Qxe4+ 48. Qf3 Qc2+ 49. Kf1 Kg8 50. Qe3 Qd1+ 51. Be1 Qd5 52. Bxh4 Qc4+ 53. Kf2 Qxb4 54.
Bg3 Qb2+ 55. Qe2 Qd4+ 56. Kg2 Qd5+ 57. Kf2 Qc5+ 58. Qe3 Qc6 59. g5 fxg5 60. Qxg5 a5 61. Be5 Qd7 62. h4 a4 63. h5 Kh7 64. Qg6+ Kg8 65.
h6 Qd2+ 66. Kf3 Qxh6 67. Qe8+ Kh7 68. Qe7 Qh5+ 69. Ke3 1-0

[Event "Late-Titled-Tuesday-Blitz-February-20-2024"]
[Site "Chess.com"]
[Date "2024.02.20"]
[Round "10"]
[White "IlyaGrigorjev"]
[Black "Hrant_ChessMood"]
[Result "0-1"]
[WhiteElo "2905"]
[BlackElo "3015"]
[TimeControl "180+1"]
[EndTime "15:56:25 PST"]
[Termination "Hrant_ChessMood won on time"]

1. e4 c6 2. d4 d5 3. e5 Bf5 4.
Nf3 e6 5. Be2 Ne7 6. O-O Bg6 7.
a4 Nf5 8. Nbd2 c5 9. dxc5 Bxc5 10. Nb3 Nd7 11. Nxc5 Nxc5 12. Bg5 Qc7 13. Bb5+ Nd7 14.
c4 a6 15. Bxd7+ Qxd7 16. cxd5 exd5 17. Qb3 h6 18. e6 Qd6 19. exf7+ Bxf7 20. Rfe1+ Kf8 21.
Bd2 Kg8 22. Qxb7 Rb8 23. Qa7 Qb6 24. Qd7 Nd6 25. Ne5 Rd8 26. Qg4 Ne4 27. Be3 Qf6 28. Bd4 Qg5 29. Qxg5 Nxg5 30. Nxf7 Kxf7 31. Rac1 Rd7 32.
b4 Rb8 33. Rb1 Ne6 34. Be5 Rbb7 35. b5 axb5 36. Rxb5 Ra7 37. a5 d4 38. Rd1 d3 39.
Kf1 Nd8 40. Bc3 Nc6 41. Rc5 Ne7 42. f3 Ra6 43. Kf2 Re6 44. Re1 Red6 45. Bd2 Rb7 46. Bf4 Rb2+ 47. Kf1 Rd7 48. Rd1 g5 49. Bd2 Ra2 50.
Kf2 Nd5 51. Kg3 Nf6 52. h4 gxh4+ 53. Kxh4 h5 54. Kg3 Rd4 55. Bc3 h4+ 56. Kh3 Rd6 57. Rf5 Ra3 58. Rxf6+ Rxf6 59. Bxf6 Kxf6 60. a6 Ke5 61. a7 Kd4 62. Kxh4 Rxa7 63. g4 Ke3 64. Kg3 Ke2 65. Rh1 d2 66. g5 Rc7 67. f4 Ke3 0-1

[Event "Late-Titled-Tuesday-Blitz-February-20-2024"]
[Site "Chess.com"]
[Date "2024.02.20"]
[Round "10"]
[White "Fh2411"]
[Black "alexrustemov"]
[Result "1-0"]
[WhiteElo "2631"]
[BlackElo "2844"]
[TimeControl "180+1"]
[EndTime "15:56:34 PST"]
[Termination "Fh2411 won by checkmate"]

1. d4 d5 2. Nf3 Nf6 3. Bf4 c5 4. e3 Nc6 5. Nbd2 Bg4 6. c3 e6 7. Qb3 Qc8 8. h3 Bh5 9. Ne5 a6 10. Ndf3 Be7 11. dxc5 Bxc5 12. Bd3 O-O 13. O-O b5 14.
Nxc6 Qxc6 15. Ne5 Qb7 16. a4 b4 17. cxb4 Qxb4 18. Qxb4 Bxb4 19. Nc6 Bc5 20. Rfc1 Ba7 21. a5 Bg6 22. Bf1 Ne4 23. b4 Nd2 24.
Ra2 Nc4 25. Ne7+ Kh8 26. Nxg6+ hxg6 27. Bxc4 dxc4 28. Rxc4 f6 29. Bd6 Rfd8 30. Rc6 Bb8 31. Rd2 Bxd6 32. Rdxd6 Rxd6 33. Rxd6 e5 34. Rb6 g5 35.
Kf1 Kh7 36. Ke2 Kg6 37. e4 Kh5 38. Kf3 Kh4 39. Rb7 Rg8 40. Rb6 Ra8 41. Ke3 g4 42.
hxg4 Kxg4 43. Rb7 g6 44. Rb6 Kg5 45. g3 f5 46. f4+ Kg4 47. Rxg6+ Kh3 48. exf5 Rb8 49.
Rb6 Re8 50. fxe5 Rxe5+ 51. Kf4 Re1 52. Rh6+ Kg2 53. Rxa6 Rf1+ 54. Kg4 Rb1 55. Rb6 Rd1 56. f6 Rd4+ 57. Kf5 Kxg3 58. a6 Rd7 59. Rb7 Rd5+ 60. Ke6 Rd4 61. a7 Re4+ 62. Kf7 Rh4 63. a8=Q Rh7+ 64.
Ke6 Rh4 65. Rg7+ Kf2 66. Qg2+ Ke3 67. Rg4 Rh6 68. Qe4+ Kd2 69. Rg2+ Kc3 70. Rc2+ Kb3 71. Qc4+ Ka3 72. Ra2# 1-0

[Event "Late-Titled-Tuesday-Blitz-February-20-2024"]
[Site "Chess.com"]
[Date "2024.02.20"]
[Round "10"]
[White "Kosak12"]
[Black "zverr1"]
[Result "1/2-1/2"]
[WhiteElo "2804"]
[BlackElo "2590"]
[TimeControl "180+1"]
[EndTime "15:57:13 PST"]
[Termination "Game drawn by repetition"]

1. Nf3 g6 2. g3 Bg7 3. Bg2 Nf6 4. O-O d5 5. d3 O-O 6. c4 c6 7. Qb3 a5 8. Nc3 Re8 9. Bf4 e6 10. Rfc1 Nbd7 11. Bd6 Bf8 12. Bxf8 Rxf8 13. Qa3 Re8 14. Rab1 Ra6 15. Nd2 Ne5 16. Na4 Qe7 17. Qxe7 Rxe7 18. a3 Ra8 19. Nb6 Rb8 20. b4 axb4 21. axb4 Ned7 22. Nxc8 Rxc8 23. b5 Nf8 24. bxc6 bxc6 25. cxd5 exd5 26. e3 Rec7 27. d4 Ne6 28. Nb3 c5 29.
dxc5 Nxc5 30. Nxc5 Rxc5 31. Rxc5 Rxc5 32. h3 h5 33. Bf3 Kg7 34. Rb7 Rc2 35. Kg2 Rd2 36. Re7 d4 37. e4 Ng8 38. Rd7 Kf6 39. Rd8 Ne7 40. Rd6+ Ke5 41. Rd7 Ke6 42. Rd8 Nc6 43.
Rc8 Ne5 44. Re8+ Kf6 45. Rd8 Nd3 46. g4 Ne1+ 47. Kg3 Rd3 48. gxh5 Rxf3+ 49. Kg4 gxh5+ 50. Kxh5 Rxh3+ 51. Kg4 Rf3 52. Rxd4 Rxf2 53. Rd1 Nc2 54. Kg3 Re2 55. Rf1+ Ke6 56. Kf4 Rh2 57. Rb1 Nd4 58.
Rb6+ Ke7 59. Ke5 Ne6 60. Rb7+ Kf8 61. Kf6 Rh6+ 62. Ke5 Kg7 63. Ra7 Rh5+ 64. Kd6 Rh4 65. e5 Rd4+ 66. Ke7 Rd5 67. Ra1 Rxe5 68. Rg1+ Rg5 69. Rf1 Nf4 70. Rxf4 Re5+ 71. Kd6 Re1 72. Rf2 Kg6 73. Rg2+ Kf6 74. Rf2+ Kg6 75. Rg2+ Kh7 76. Rh2+ Kg7 77. Rg2+ Kf8 78. Rf2 Re6+ 79. Kd5 Ke7 80. Kd4 f6 81. Kd3 Kf7 82. Rf1 Kg6 83. Rg1+ Kf5 84. Rf1+ Kg5 85. Rg1+ Kf4 86. Rf1+ Kg4 87. Rg1+ Kf3 88. Rf1+ Kg2 89. Rf5 Kg3 90. Kd4 Kg4 91. Rf1 f5 92. Rg1+ Kf4 93. Rf1+ Kg4 94. Rg1+ Kf3 95. Rf1+ Kg4 1/2-1/2

[Event "Late-Titled-Tuesday-Blitz-February-20-2024"]
[Site "Chess.com"]
[Date "2024.02.20"]
[Round "10"]
[White "DanielNaroditsky"]
[Black "PacingRope"]
[Result "1-0"]
[WhiteElo "3087"]
[BlackElo "2914"]
[TimeControl "180+1"]
[EndTime "15:57:15 PST"]
[Termination "DanielNaroditsky won by resignation"]

1. e4 c5 2. c3 Nf6 3. e5 Nd5 4.
Nf3 Nc6 5. Bc4 Nb6 6. Bb3 d6 7. exd6 c4 8. Bc2 Bg4 9. O-O Qxd6 10. Re1 Ne5 11. Rxe5 Bxf3 12. Qe1 Bc6 13. Na3 e6 14. b3 cxb3 15. axb3 Be7 16. Nc4 Nxc4 17. bxc4 Bf6 18. Re3 Be7 19. d4 Qc7 20. d5 Bd7 21. dxe6 Bxe6 22.
Rxe6 fxe6 23. Qxe6 Qd6 24. Qe4 Rd8 25. Ba3 Qf6 26. Re1 Rd7 27. Bc5 Kd8 28. Bd4 Qh4 29. Qe6 Bd6 30. g3 Qe7 31. Bxa7 Qxe6 32. Rxe6 g6 33.
Bd4 Rf8 34. Ba4 Kc8 35. c5 Bc7 36. Bxd7+ Kxd7 37. Re4 Ra8 38. Kg2 Ra2 39. h4 h5 40.
g4 Bd8 41. g5 Be7 42. Rf4 Ke6 43. Re4+ Kd7 44. Kf3 Rc2 45. Rf4 Ke6 46. Re4+ Kd7 47. Re3 Ra2 48. Kg2 Rc2 49. Rd3 Kc6 50. Rd1 Bxc5 51. Bxc5 Kxc5 52. Rd8 Rxc3 53. Rc8+ Kb4 54. Rb8 b5 55. Rb6 Rc4 56. Kh3 Rf4 57. Rxg6 Rxf2 58. Rf6 Re2 59. g6 Re3+ 60. Kg2 Re2+ 61. Kf3 Re1 62. Kf4 Rg1 63. Kf5 Kc3 64. Ke6 b4 65. Rf3+ Kc4 66. Kf7 b3 67. Rf4+ Kc3 68. Rf3+ Kc4 69. Rf4+ Kc3 70. g7 b2 71. Rf3+ Kc4 72.
Rf4+ Kc5 73. Rf5+ Kc4 74. Rg5 Rxg5 75. hxg5 b1=Q 76. g8=Q Qf5+ 77. Ke7+ Kd4 78. g6 Qe5+ 79. Qe6 Qg7+ 80. Qf7 Qe5+ 81. Kd7 Qb5+ 82. Ke7 Qc5+ 83. Kd7 Qb5+ 84. Kc8 Qc5+ 85. Kb7 Qb5+ 86. Kc7 Qc5+ 87.
Kb8 Qb6+ 88. Kc8 Qc5+ 89. Kd8 Qb6+ 90. Ke7 Qc5+ 91. Ke8 Qb5+ 92. Kf8 Qc5+ 93. Kg8 Qc8+ 94. Kh7 h4 95. g7 Qc2+ 96. Qg6 Qxg6+ 97. Kxg6 Ke3 98.
g8=Q h3 99. Qh7 1-0

[Event "Late-Titled-Tuesday-Blitz-February-20-2024"]
[Site "Chess.com"]
[Date "2024.02.20"]
[Round "10"]
[White "Msb2"]
[Black "FairChess_on_YouTube"]
[Result "1/2-1/2"]
[WhiteElo "3029"]
[BlackElo "3067"]
[TimeControl "180+1"]
[EndTime "15:57:30 PST"]
[Termination "Game drawn by repetition"]

1. d4 Nf6 2. c4 e6 3. Nc3 Bb4 4. e3 O-O 5. Bd2 d5 6. Nf3 Nbd7 7. a3 Be7 8. cxd5 exd5 9. Bd3 Re8 10. Qc2 c5 11.
O-O c4 12. Bf5 g6 13. Bh3 Nb6 14. Bxc8 Rxc8 15. Ne5 Bf8 16. f4 Bg7 17. Be1 Qc7 18. Bh4 Ne4 19. Nxd5 Nxd5 20. Qxe4 Qd6 21. f5 Bxe5 22.
dxe5 Qxe5 23. Qxe5 Rxe5 24. fxg6 hxg6 25. Bf2 Nxe3 26. Rfe1 Rce8 27. a4 a6 28. a5 f5 29.
Bxe3 Rxe3 30. Rxe3 Rxe3 31. Rc1 Re4 32. Rc3 Kg7 33. b3 cxb3 34. Rxb3 Re5 35. Rxb7+ Kh6 36.
Ra7 Rxa5 37. Kf2 Kg5 38. Kf3 Ra3+ 39. Kf2 Kf4 40. Rb7 Ra2+ 41. Kg1 a5 42. Rb6 g5 43. h3 a4 44. Kh2 g4 45. hxg4 Kxg4 46. Rg6+ Kf4 47. Ra6 Ra1 48. Ra8 Ke4 49. Re8+ Kf4 50.
Ra8 Ra3 51. Ra7 Ra2 52. Ra8 Ke4 53. Re8+ Kd5 54. Rf8 Ke5 55. Re8+ Kf6 56. Ra8 a3 57. Ra5 Kg5 58. Kg3 Ra1 59. Ra8 Kf6 60. Kf4 Rf1+ 61. Kg3 Ra1 62. Kf4 a2 63. Ra6+ Ke7 64. Kg3 f4+ 65. Kh2 Kd7 66. Ra7+ Kc6 67. Ra8 Kb7 68.
Ra3 Kb6 69. Ra4 Kb5 70. Ra8 Kc4 71. Rc8+ Kd3 72. Rd8+ Ke2 73. Re8+ Kf2 74. Ra8 f3 75. gxf3 Kxf3 76. Ra3+ Ke4 77. Ra8 Kd3 78. Rd8+ Kc4 79. Rc8+ Kd5 80. Rd8+ Kc6 81. Ra8 Kb7 82. Ra3 Kb6 83. Ra4 Kc5 84. Ra8 Kc6 85. Ra3 Kb6 86.
Ra4 Kb5 87. Ra8 Kb4 88. Rb8+ Kc3 89. Rc8+ Kd2 90. Rd8+ Kc1 91. Rc8+ Kd1 92. Rd8+ Ke2 93. Re8+ Kf3 94. Rf8+ Ke4 95. Re8+ Kf5 96. Ra8 Kg6 97. Ra6+ Kf7 98. Ra5 Ke6 99. Ra6+ Kd5 100. Ra8 Kc4 101. Rc8+ Kd3 102. Rd8+ Kc2 103. Rc8+ Kb3 104. Rb8+ Ka4 105. Ra8+ Kb5 106. Ra7 Kb6 107. Ra8 Kb7 108. Ra3 Kc6 109. Ra8 Kb5 110. Rb8+ Kc4 111. Ra8 Kb3 112. Rb8+ Kc2 113. Rc8+ Kb1 114. Rb8+ Kc1 115. Rc8+ Kb1 116. Rb8+ Kc1 117. Rc8+ 1/2-1/2

[Event "Late-Titled-Tuesday-Blitz-February-20-2024"]
[Site "Chess.com"]
[Date "2024.02.20"]
[Round "10"]
[White "mishanick"]
[Black "Elsa167"]
[Result "1-0"]
[WhiteElo "3006"]
[BlackElo "2892"]
[TimeControl "180+1"]
[EndTime "15:57:30 PST"]
[Termination "mishanick won on time"]

1. d4 Nf6 2. c4 e6 3. Nc3 d5 4. Bg5 Be7 5. e3 Nbd7 6. Nf3 O-O 7. Bd3 dxc4 8. Bxc4 a6 9. a4 c5 10. O-O cxd4 11.
exd4 Nb6 12. Bb3 Bd7 13. Ne5 Bc6 14. Qd3 Rc8 15. Rfe1 Nfd5 16. Bxe7 Nxe7 17. Nxf7 Rxf7 18. Bxe6 Nbd5 19. Bxf7+ Kxf7 20. Qxh7 Ng6 21. Qh5 Qd7 22. Nxd5 Qxd5 23. Qxd5+ Bxd5 24. Rac1 Rd8 25. Rc7+ Kf6 26.
g3 Bc6 27. Rd1 Nf8 28. d5 Ne6 29. Rxc6 bxc6 30. d6 Ke5 31. f4+ Ke4 32. d7 Nd4 33. Re1+ Kd5 34. Re7 g6 35. h4 Nf5 36. Re5+ Kd6 37. g4 Nxh4 38. Kf2 Kxd7 39. Kg3 Rh8 40. b4 Kd6 41. Rg5 Kc7 42. Rc5 Kd6 43. a5 Kd7 44.
Rg5 Kd6 45. Re5 Kd7 46. Rc5 Kd6 47. Rg5 Kd7 48. Rc5 Kd6 49. Re5 Kd7 50. Re2 g5 51. fxg5 Ng6 52. Rf2 Rg8 53. Rf7+ Ne7 54. Kh4 Ke6 55.
Rf6+ Ke5 56. Kh5 Nd5 57. Rf5+ Ke6 58. Kh6 Ne7 59. Rf6+ Ke5 60. Rf7 Ke6 61. Rf6+ Ke5 62. Rf7 Ke6 63. Rf1 Rg6+ 64. Kh5 Rg8 65. Re1+ Kf7 66.
Rf1+ Kg7 67. Kh4 Ng6+ 68. Kg3 Rb8 69. Rc1 Ne7 70. Rc4 Kf7 71. Rf4+ Ke6 72. Re4+ Kd6 73. Kh4 Rh8+ 74. Kg3 Rg8 75. Kh4 Rh8+ 76. Kg3 Ng6 77. Rd4+ Ke6 78. Rc4 Ne5 79. Rf4 Rd8 80. Rf6+ Kd5 81.
Kh4 Rh8+ 82. Kg3 Rg8 83. Kh4 Rh8+ 84. Kg3 c5 85. bxc5 Nc6 86. Rf5+ Ke4 87. g6 Rg8 88. Rf6 Ne5 89. Rxa6 Nxg6 90. c6 Ne5 91. c7 Rxg4+ 92. Kh3 Rg8 93. Rb6 Rc8 94. Rb7 Nd7 95. a6 Nc5 96.
Rb4+ Kd5 97. a7 Na6 98. Rb8 Rxc7 99. a8=Q+ Rc6 100. Rd8+ 1-0

[Event "Late-Titled-Tuesday-Blitz-February-20-2024"]
[Site "Chess.com"]
[Date "2024.02.20"]
[Round "10"]
[White "ContrVersia"]
[Black "ArtemDyachuk"]
[Result "1/2-1/2"]
[WhiteElo "2855"]
[BlackElo "2675"]
[TimeControl "180+1"]
[EndTime "15:57:34 PST"]
[Termination "Game drawn - insufficient material"]

1. Nf3 d5 2. c4 d4 3. b4 c5 4. Bb2 Nf6 5. g3 g6 6. Bg2 Bg7 7. O-O O-O 8. d3 cxb4 9. Bxd4 Nc6 10.
Bb2 Re8 11. a3 bxa3 12. Rxa3 e5 13. Nfd2 Be6 14. Nc3 Nd7 15. Qa1 Bf8 16. Ra4 a5 17.
Nb3 Bb4 18. Nb5 Nb6 19. Ra2 Nxc4 20. dxc4 Bxc4 21. Rd1 Qb6 22. Nd6 Bxd6 23. Rxd6 Bxb3 24. Ra3 a4 25. Bxe5 Rxe5 26. Qxe5 Qb4 27. Bxc6 Qxa3 28.
Bxb7 Rf8 29. Bd5 Qc1+ 30. Kg2 Qc8 31. Bxb3 axb3 32. Rb6 Qc4 33. Qb2 Qd5+ 34. f3 Re8 35. e4 Qc5 36. Rxb3 h5 37. Qc3 Qd6 38. Qd3 Qe6 39. Qd5 Qf6 40. Rd3 Rb8 41. Rd2 h4 42. Qd6 Qxd6 43. Rxd6 Rb2+ 44. Kh3 hxg3 45. hxg3 Rb3 46.
Kg4 Kg7 47. Kf4 Rb5 48. Rd5 Rb6 49. g4 Rf6+ 50. Ke3 Rb6 51. g5 Rb3+ 52. Kf4 Rb6 53.
Ra5 Rc6 54. Ke5 Re6+ 55. Kd5 Rb6 56. f4 Rb3 57. Ke5 Rb6 58. Rd5 Re6+ 59. Kd4 Ra6 60. f5 gxf5 61. exf5 Ra1 62. Kc5 Rc1+ 63. Kd6 Re1 64.
Re5 Rg1 65. Ke7 Ra1 66. Rd5 Ra7+ 67. Kd6 Ra6+ 68. Ke5 Ra8 69. Rd7 Ra5+ 70. Kf4 Ra4+ 71. Kg3 Kg8 72. Kf3 Rb4 73. f6 Ra4 74. Re7 Rb4 75.
Re4 Rb5 76. Kg4 Kh7 77. Re8 Rb1 78. Rf8 Rg1+ 79. Kf5 Rf1+ 80. Ke5 Kg6 81. Rg8+ Kh5 82. Rg7 Re1+ 83. Kd6 Re2 84. g6 fxg6 85. f7 Rf2 86. Ke7 g5 87. f8=Q Rxf8 88. Kxf8 Kg4 89. Ke7 Kf4 90.
Kd6 g4 91. Kd5 g3 92. Kd4 Kf3 93. Rf7+ Ke2 94. Rg7 Kf2 95. Rf7+ Ke2 96. Re7+ Kf2 97. Kd3 g2 98. Rf7+ Kg3 99. Rg7+ Kf2 100. Rf7+ Kg3 101. Ke2 g1=Q 102. Rg7+ Kh2 103. Rh7+ Kg2 104. Rg7+ Kh1 105. Rxg1+ Kxg1 1/2-1/2

[Event "Late-Titled-Tuesday-Blitz-February-20-2024"]
[Site "Chess.com"]
[Date "2024.02.20"]
[Round "11"]
[White "dosto07"]
[Black "Teidi96"]
[Result "1-0"]
[WhiteElo "2480"]
[BlackElo "2272"]
[TimeControl "180+1"]
[EndTime "15:59:43 PST"]
[Termination "dosto07 won by resignation"]

1. e4 c5 2. Nf3 d6 3. Bb5+ Bd7 4. Bxd7+ Qxd7 5. O-O Nc6 6. Qe2 e6 7. c3 Be7 8. d4 cxd4 9. cxd4 Nf6 10. Nc3 O-O 11. e5 dxe5 12. dxe5 Nd5 13. Nxd5 Qxd5 14. Rd1 Qa5 15.
Bd2 Qa4 16. Bg5 Rfd8 17. h3 h6 18. Bxe7 Nxe7 19. b3 Nd5 20. bxa4 1-0

[Event "Late-Titled-Tuesday-Blitz-February-20-2024"]
[Site "Chess.com"]
[Date "2024.02.20"]
[Round "11"]
[White "Mikhail_Golubev"]
[Black "Josetricks"]
[Result "1-0"]
[WhiteElo "2616"]
[BlackElo "2423"]
[TimeControl "180+1"]
[EndTime "15:59:53 PST"]
[Termination "Mikhail_Golubev won by resignation"]

1. e4 g6 2. d4 Bg7 3. c3 c6 4. Nf3 d5 5. e5 f6 6. exf6 Nxf6 7. Be2 Bg4 8. O-O O-O 9. Ne5 Bxe2 10. Qxe2 Nfd7 11. Nf3 Re8 12. Qe6+ Kh8 13. Ng5 Rf8 14. Qh3 1-0